 Dungeon Crawl Stone Soup version 0.22.0-38-g04b72b8c25 (webtiles) character file.

16 Flugkiller the Scratcher (level 2, 0/14 HPs)
             Began as a Felid Chaos Knight on Aug 26, 2018.
             Slain by a red devil
             ... wielding a +0 trident
             ... summoned by Xom
              (6 damage)
             ... on level 1 of the Dungeon.
             The game lasted 00:02:39 (835 turns).

Flugkiller the Scratcher (Felid Chaos Knight)        Turns: 835, Time: 00:02:40

Health: 0/14       AC:  1    Str:  8    XL:     2   Next: 37%
Magic:  3/3        EV: 18    Int: 13    God:    Xom [.....*]
Gold:   77         SH:  0    Dex: 15    Spells: 1/1 levels left
                                        Lives:  0   Deaths: 0

rFire    . . .     SeeInvis +     - Unarmed
rCold    . . .     Gourm    .   (shield unavailable)
rNeg     . . .     Faith    .   (armour unavailable)
rPois    .         Spirit   .   (helmet unavailable)
rElec    .         Reflect  .   (cloak unavailable)
rCorr    .         Harm     .   (gloves unavailable)
MR       .....                  (boots unavailable)
Stlth    ++........             (no amulet)
HPRegen  0.04/turn              (no ring)
MPRegen  0.08/turn              (no ring)

@: very slightly contaminated, invisible, quick
A: very small, no armour, no weapons or thrown items, stealth, claws 1, fangs 3,
see invisible, carnivore, speed 1, shaggy fur 1, slow metabolism 1, sharp paws
a: Renounce Religion


You were on level 1 of the Dungeon.
You worshipped Xom.
You were Xom's teddy bear.
You were completely stuffed.

You visited 1 branch of the dungeon, and saw 1 of its levels.

You collected 77 gold pieces.

Inventory:

Jewellery
 d - an uncursed amulet of the acrobat {unknown}
 i - a cursed -3 ring of protection {unknown}
Scrolls
 f - a scroll of remove curse
Potions
 h - a potion of curing
Comestibles
 a - 2 rations
 c - 2 chunks of flesh


   Skills:
 - Level 3.0 Fighting
 - Level 3.2 Dodging
 + Level 3.8 Unarmed Combat


You had one spell level left.
You didn't know any spells.
Your spell library was empty.

Dungeon Overview and Level Annotations

Branches:
Dungeon (1/15)

Altars:
The Shining One


Innate Abilities, Weirdness & Mutations

You cannot wear armour.
You are incapable of wielding weapons or throwing items.
Your paws allow you to move quietly. (Stealth)
You have sharp claws.
You have razor-sharp teeth.
You have supernaturally acute eyesight. (SInv)
You are carnivorous and can eat meat at any time.
You cover ground quickly.
You are covered in fur. (AC +1)
You have a slow metabolism.
Your sharp claws are effective at attacking unaware monsters.


Message History

The red devil misses you.
The red devil hops backward while attacking.
The red devil misses you.
You scratch the red devil but do no damage.
The red devil hops backward while attacking.
The red devil completely misses you. The red devil hits you with a trident!
Ouch! That really hurt!
You catch the helpless red devil completely off-guard!
You scratch the red devil.
The red devil is lightly wounded.
The red devil closely misses you.
You scratch the red devil but do no damage.
The red devil is lightly wounded.
You scratch the red devil but do no damage.
The red devil is lightly wounded.
The red devil hops backward while attacking.
The red devil hits you from afar with a trident.
You die... "It's all fun and games until someone loses an eye."

#..#.#####.#
..# #.#
##...## #.##
## #.# ##..##
#..#### #..
##..# ##..#.#
#.# ##..#
##...#### #.#
....#
###.#..## #.#
##..#
#..#...# #.#
##.# #4.#..##
#.# #.#
##.@...# #..
#.# ########
#.. #.# #.#
#.. ###.####
#[# #..
.......# #.#
#.. ###.##.#
#.#### #..
#.##.# #....#
#). #.##.#
####.#
###########..
#.##.# #.#
#....(.......


You could see a red devil.

Vanquished Creatures
  A giant cockroach (D:1)
  4 goblins (D:1)
  A hobgoblin (D:1)
  2 bats (D:1)
  A frilled lizard (D:1)
  5 kobolds (D:1)
  A rat (D:1)
15 creatures vanquished.

Vanquished Creatures (collateral kills)
  A hobgoblin (D:1)
1 creature vanquished.

Grand Total: 16 creatures vanquished

Notes
Turn   | Place    | Note
-------+----------+-------------------------------------------
     0 | D:1      | Flugkiller the Felid Chaos Knight began the quest for the Orb.
     0 | D:1      | Reached XP level 1. HP: 10/10 MP: 2/2
   163 | D:1      | XOM: harmless Chrm miscast
   271 | D:1      | XOM: harmless Erth miscast
   344 | D:1      | XOM: cast spell 'Call Canine Familiar'
   453 | D:1      | Reached XP level 2. HP: 14/14 MP: 3/3
   462 | D:1      | Found a glowing golden altar of the Shining One.
   659 | D:1      | XOM: mild Erth miscast
   818 | D:1      | XOM is BORED!
   818 | D:1      | XOM: summons 1 hostile demon
   819 | D:1      | Noticed a red devil
   835 | D:1      | Slain by a red devil

Action                   || total
-------------------------++-------
Melee: Unarmed           ||    36
       Punch             ||     2
       Bite              ||     2
  Use: Scroll            ||     2
       Potion            ||     2
 Stab: Sleeping          ||     4
       Invisible         ||     1
  Eat: Chunk             ||     7
Armor: Skin              ||     3
Dodge: Dodged            ||    21
